 Dungeon Crawl Stone Soup version 0.30-a0-867-g305f33218d (webtiles) character file.

Game seed: 6186233302703274406

91826 oldriver the Severer (level 16, -16/110 HPs)
             Began as a Gargoyle Fighter on Mar 10, 2023.
             Was a High Priest of the Shining One.
             Shot with an arrow by a satyr (30 damage)
             ... on level 1 of the Shoals.
             The game lasted 00:36:36 (22150 turns).

oldriver the Severer (Gargoyle Fighter)            Turns: 22150, Time: 00:36:37

Health: -16/110    AC: 32    Str: 26    XL:     16   Next: 4%
Magic:  23/23      EV: 10    Int: 11    God:    the Shining One [*****.]
Gold:   690        SH: 12    Dex: 17    Spells: 15/15 levels left

rFire   + . .      SeeInvis +    a - +6 broad axe (elec)
rCold   + . .      Faith    .    M - +0 kite shield
rNeg    + + +      Spirit   .    i - +4 scale mail {rC+}
rPois   ∞          Reflect  .    B - +0 helmet
rElec   +          Rampage  .    D - +2 cloak {rCorr}
rCorr   +                        C - +1 pair of gloves {Dex+3}
Will    +....                    (no boots) Stlth
                                 k - amulet of Sidere {Regen+ Dex+5 Slay+3}
HPRegen 1.18/turn                g - ring of protection from fire
MPRegen 0.18/turn                z - ring "Unlill" {Slay+2 SInv}

@: flying, glowing, studying 2 skills
A: sickness immunity, AC +12, big wings, negative energy resistance 1,
electricity resistance, torment resistance 1, petrification resistance
a: Renounce Religion, Divine Shield, Cleansing Flame, Summon Divine Warrior


You were on level 1 of the Shoals.
You worshipped the Shining One.
The Shining One was extremely pleased with you.
You visited 4 branches of the dungeon, and saw 21 of its levels.
You also visited: Gauntlet.

You collected 2361 gold pieces.
You spent 1671 gold pieces at shops.

Inventory:

Hand Weapons
 a - a +6 broad axe of electrocution (weapon)
 b - the +4 morningstar of Midnight {venom, Int+3 Dex+6}
   (You bought it in a shop on level 2 of the Orcish Mines)

   Int:       It affects your intelligence (+3).
   Dex:       It affects your dexterity (+6).
Missiles
 l - 3 throwing nets
 u - 40 poisoned darts
 v - 12 boomerangs (quivered)
 O - 8 silver javelins
 R - 6 atropa-tipped darts
Armour
 i - a +4 scale mail of cold resistance (worn)
 B - a +0 helmet (worn)
 C - a +1 pair of gloves of dexterity (worn)
 D - a +2 cloak of preservation (worn)
 M - a +0 kite shield (worn)
Jewellery
 e - the ring "Uprubol" {rElec rC+ Will+ Dex+3}
   (You found it on level 5 of the Lair of Beasts)

   [ring of willpower]

   Dex:       It affects your dexterity (+3).
   rC:        It protects you from cold.
   rElec:     It insulates you from electricity.
   Will:      It increases your willpower.
 g - a ring of protection from fire (left hand)
 k - the amulet of Sidere (around neck) {Regen+ Dex+5 Slay+3}
   (You acquired it on level 2 of the Orcish Mines)

   [amulet of regeneration]

   Dex:       It affects your dexterity (+5).
   Slay:      It affects your accuracy & damage with ranged weapons and melee
   (+3).
   Regen:     It increases your rate of health regeneration.
 z - the ring "Unlill" (right hand) {Slay+2 SInv}
   (You found it in a Gauntlet)

   [ring of see invisible]

   Slay:      It affects your accuracy & damage with ranged weapons and melee
   (+2).
   SInv:      It lets you see invisible.
 T - a ring of protection from cold
 W - a ring of fire
Wands
 t - a wand of light (14)
 w - a wand of digging (21)
 x - a wand of iceblast (28)
 E - a wand of polymorph (20)
 K - a wand of flame (27)
 N - a wand of mindburst (4)
 Z - a wand of paralysis (7)
Scrolls
 c - 5 scrolls of teleportation
 m - 2 scrolls of identify
 s - 6 scrolls of blinking
 y - a scroll of poison
 A - 4 scrolls of magic mapping
 F - a scroll of amnesia
 I - 2 scrolls of fog
 L - a scroll of brand weapon
 P - 3 scrolls of fear
 S - a scroll of silence
Potions
 f - 5 potions of heal wounds
 h - 4 potions of mutation
 j - 3 potions of cancellation
 n - 4 potions of ambrosia
 o - 2 potions of brilliance
 p - 2 potions of resistance
 q - 2 potions of berserk rage
 G - 11 potions of curing
 H - 5 potions of haste
 J - 2 potions of might
 V - 2 potions of magic
Miscellaneous
 d - a phantom mirror
 Q - a lightning rod (4/4)
 Y - a tin of tremorstones (inert)


   Skills:
 + Level 16.3 Fighting
 + Level 16.8 Axes
 + Level 6.3 Throwing
 + Level 10.8 Armour
 - Level 2.0 Dodging
 + Level 11.5 Shields
 + Level 10.3 Invocations


You had 15 spell levels left.
You didn't know any spells.
Your spell library contained the following spells:

 Spells                   Type           Power      Damage    Failure   Level
 Beastly Appendage        Tmut           0%         N/A       82%         1
 Kiss of Death            Conj/Necr      0%         2d5       82%         1
 Shock                    Conj/Air       0%         1d3       82%         1
 Blink                    Tloc           0%         N/A       91%         2
 Ensorcelled Hibernation  Hex/Ice        0%         N/A       91%         2
 Lesser Beckoning         Tloc           0%         N/A       91%         2
 Momentum Strike          Conj/Tloc      0%         3d8       91%         2
 Passwall                 Tmut/Erth      0%         N/A       91%         2
 Scorch                   Fire           0%         2d5       91%         2
 Static Discharge         Conj/Air       0%         2-2/arc   91%         2
 Wereblood                Tmut           0%         N/A       91%         2
 Confusing Touch          Hex            0%         N/A       99%         3
 Dazzling Flash           Conj/Hex       0%         N/A       99%         3
 Ignite Poison            Fire/Tmut/Pois 0%         N/A       99%         3
 Portal Projectile        Hex/Tloc       0%         N/A       99%         3
 Spider Form              Tmut/Pois      0%         N/A       99%         3
 Stone Arrow              Conj/Erth      0%         3d7       99%         3
 Swiftness                Air            0%         N/A       99%         3
 Tukima's Dance           Hex            0%         N/A       99%         3
 Vhi's Electric Charge    Tloc/Air       0%         N/A       99%         3
 Airstrike                Air            0%         2d(0-16)  100%        4
 Animate Armour           Summ/Erth      0%         N/A       100%        4
 Cause Fear               Hex            0%         N/A       100%        4
 Dispel Undead            Necr           0%         3d6       100%        4
 Flame Wave               Conj/Fire      0%         2d4       100%        4
 Iskenderun's Mystic Bla  Conj/Tloc      0%         2d3       100%        4
 Petrify                  Tmut/Erth      0%         N/A       100%        4
 Sticky Flame             Conj/Fire      0%         2d3       100%        4
 Arcjolt                  Conj/Air       0%         1d10      100%        5
 Blade Hands              Tmut           0%         N/A       100%        5
 Irradiate                Conj/Tmut      0%         3d11      100%        5
 Lightning Bolt           Conj/Air       0%         1d11      100%        5
 Starburst                Conj/Fire      0%         6d3       100%        6
 Summon Cactus Giant      Summ           0%         N/A       100%        6
 Dragon Form              Tmut           0%         N/A       100%        7
 Ignition                 Fire           0%         3d3       100%        8
 Lehudib's Crystal Spear  Conj/Erth      0%         10d2      100%        8
 Dragon's Call            Summ           0%         N/A       100%        9
 Sublimation of Blood     Necr           Unusable   N/A       N/A         2

Dungeon Overview and Level Annotations

Branches:
Dungeon (13/15)            Temple (0/1) D:6            Lair (5/5) D:10
 Shoals (1/4) Lair:3        Snake (0/4) Lair:2        Slime (0/5) Lair:5
    Orc (2/2) D:10            Elf (0/3) Orc:2       Gauntlet (visited)
 Vaults: D:13-14

Altars:
Ashenzari
Dithmenos
Fedhas
Gozag
Hepliaklqana
Kikubaaqudgha
Nemelex Xobeh
Okawaru
Qazlal
Ru
Sif Muna
Uskayaw
Wu Jian
Xom
Zin
The Shining One
Jiyva

Shops:
D:2 (   D:6 [([=!   D:8 ?   D:9 *   D:10 *   D:12 (   Orc:2 *(:*

Annotations:
D:9 Erolcha
Lair:4 3 runed translucent doors, Budy's ghost, journeyman KoRe
Lair:5 3 runed translucent doors, Lakeera's ghost, journeyman MiHu


Innate Abilities, Weirdness & Mutations

You are immune to sickness and miasma.
Your stone body is resilient. (AC +12)
You are immune to poison.
Your large and strong wings let you fly.
You resist negative energy. (rN+)
You are resistant to electric shocks. (rElec)
You are resistant to unholy torment.
You are immune to petrification.


Message History

a +0 spear; a potion of flight; a merfolk corpse You slice the faun!!
The faun is heavily wounded.
You slash the faun!
The faun is severely wounded.
The satyr unwields a +0 spear.
The satyr wields a +0 longbow.
The satyr shoots an arrow.
The arrow hits you!!
The faun hits you with a +2 spear of venom.
You slice the faun!!
You kill the faun!
You hear a splash. x2
The satyr shoots an arrow.
The arrow hits you.
Your phantom mirror has recharged.
The satyr shoots an arrow.
The arrow hits you!
Things that are here:
a +2 spear of venom; a +0 sling A satyr is nearby!
A satyr is nearby!
A satyr is nearby!
The satyr shoots an arrow.
The arrow hits you but does no damage.
Things that are here:
a +2 spear of venom; a +0 sling You feel your willpower return.
The satyr shoots an arrow.
The arrow hits you!
The satyr shoots an arrow.
You block the arrow.
The satyr shoots an arrow.
You block the arrow.
You hear a shout!
You completely miss the satyr.
You hear a shout!
The satyr shoots an arrow.
The arrow hits you!
* * * LOW HITPOINT WARNING * * *
A faun comes into view. It is wielding a +0 quarterstaff.
You slash the satyr!
The satyr is moderately wounded.
The satyr shoots an arrow.
The arrow hits you!
* * * LOW HITPOINT WARNING * * *
You slice the satyr!!
The satyr is severely wounded.
The satyr shoots an arrow.
The arrow hits you!!
You die...

~...~....~≈≈~..~~~~..~~~≈~~≈≈≈≈≈≈
......##.≈≈≈~..~≈≈~≈≈≈≈≈≈≈≈≈#####
.....###.≈~≈≈~~~≈≈≈≈######### #
...~......~≈≈~~~~~≈≈# #
..≈≈≈≈≈~)~≈~~~)~~≈≈##
...≈≈≈≈≈~.~~.))~~≈##
≈≈≈...~≈~.....))~≈#
≈≈≈..............≈#
≈≈≈.#..)........@##
~...#.~~........c##
≈≈...≈≈~~..).....c#
..~..~≈........).#.#
....~≈≈~~~.......###
...≈≈~~≈~~~......≈#
...≈≈~~≈≈≈.......≈#
....~≈≈≈≈≈.~~~...≈#
.....≈≈≈≈≈)~~~~~.≈#


You could see a satyr and a faun.

Vanquished Creatures
  Gastronok (D:10)
  An orc warlord (Orc:1)
  A minotaur (Gauntlet)
  A merfolk impaler (Shoals:1)
  Snorg (Orc:1)
  A great orb of eyes (Gauntlet)
  9 hydras
  A hell beast (Gauntlet)
  An alligator snapping turtle (Shoals:1)
  A catoblepas (Lair:1)
  7 boulder beetles
  2 merfolk avatars
  A satyr (Shoals:1)
  2 two-headed ogres
  A tengu warrior (D:13)
  A skyshark (Shoals:1)
  5 skeletal warriors (D:13)
  6 sea snakes
  4 orc knights
  A harpy (Lair:5)
  5 ugly things
  2 cyclopes (D:12)
  10 fauns (Shoals:1)
  5 manticores
  3 merfolk sirens (Shoals:1)
  6 elephants (Lair:5)
  2 torpor snails (Lair:1)
  11 cane toads
  3 water nymphs (Shoals:1)
  2 black mambas (Lair:4)
  2 kobold demonologists (D:7)
  A gargoyle (D:11)
  8 komodo dragons
  6 rime drakes
  A tengu conjurer (D:13)
  7 trolls
  A merfolk (Shoals:1)
  2 polar bears (Lair:5)
  4 wind drakes (Lair:5)
  2 hornets (Lair:5)
  2 snapping turtles
  Prince Ribbit (D:7)
  13 dream sheep
  23 blink frogs
  9 slime creatures
  3 centaur simulacra (Gauntlet)
  A spriggan (Lair:5)
  2 water elementals (Shoals:1)
  51 yaks
  A vampire (D:13)
  9 humans (D:10)
  3 wraiths
  7 wyverns
  2 steam dragons
  A basilisk (Lair:5)
  Grum (D:11)
  3 wargs
  A naga (Lair:2)
  3 acid dragons
  2 hell hounds (Gauntlet)
  Duvessa (D:7)
  10 water moccasins
  41 orc warriors
  Pargi (D:3)
  3 black bears
  An ice beast (D:6)
  4 ogres
  A boggart (D:9)
  14 centaurs
  36 wolves
  A phantom (D:6)
  6 kobold brigands
  Blork the orc (D:4)
  11 bullfrogs
  A gnoll sergeant (D:13)
  5 scorpions
  7 wights (D:9)
  Dowan (D:7)
  A killer bee (D:9)
  2 electric eels (Lair:3)
  3 howler monkeys
  A wyvern simulacrum (Gauntlet)
  15 orc priests
  4 hounds
  A jelly (D:6)
  2 sleepcaps
  2 gnoll boudas
  Jessica (D:10)
  3 iguanas
  Natasha (twice) (D:4)
  20 orc wizards
  8 hell rats
  A boggart simulacrum (Gauntlet)
  11 adders
  14 gnolls
  2 shadow imps
  2 white imps
  4 ufetubi
  2 worms
  94 orcs
  2 giant cockroaches
  7 goblins
  7 hobgoblins
  8 jackals
  3 quokkas
  5 ball pythons
  3 bats (D:2)
  3 frilled lizards
  12 kobolds
  7 rats
666 creatures vanquished.

Vanquished Creatures (collateral kills)
  Jorgrun (Shoals:1)
  A hydra (Lair:3)
  A death yak (Lair:3)
  A manticore (Shoals:1)
  A merfolk siren (Shoals:1)
  A water nymph (Shoals:1)
  A rime drake (Lair:3)
  A merfolk (Shoals:1)
  A snapping turtle (Shoals:1)
  A water elemental (Shoals:1)
10 creatures vanquished.

Vanquished Creatures (others)
  27 demonic plants (Gauntlet)
  31 fungi
  92 plants
150 creatures vanquished.

Grand Total: 826 creatures vanquished

Notes
Turn   | Place    | Note
-------+----------+-------------------------------------------
     0 | D:1      | oldriver the Gargoyle Fighter began the quest for the Orb.
     0 | D:1      | Reached XP level 1. HP: 14/14 MP: 1/1
   156 | D:1      | Found a faded altar of an unknown god.
   649 | D:1      | Reached XP level 2. HP: 19/19 MP: 2/2
   905 | D:2      | Found Asinuc's Weapon Shoppe.
   965 | D:2      | Reached XP level 3. HP: 23/23 MP: 3/3
  1286 | D:2      | Reached XP level 4. HP: 29/29 MP: 4/4
  1593 | D:3      | Found a glowing silver altar of Zin.
  1739 | D:3      | Found a blossoming altar of Fedhas.
  1985 | D:3      | Noticed Pargi
  1993 | D:3      | Killed Pargi
  1994 | D:3      | Reached XP level 5. HP: 21/34 MP: 5/5
  2157 | D:3      | Found a glowing golden altar of the Shining One.
  2177 | D:3      | Became a worshipper of the Shining One
  2559 | D:3      | You fall into a shaft and drop 2 floors!
  2559 | D:5      | Entered Level 5 of the Dungeon
  2783 | D:5      | Reached XP level 6. HP: 35/39 MP: 6/6
  2861 | D:5      | Found a hazy altar of Hepliaklqana.
  2862 | D:5      | Found a shimmering altar of Xom.
  2863 | D:5      | Noticed a spectral ugly thing
  2900 | D:5      | Found a hide-covered altar of Uskayaw.
  3153 | D:4      | Reached skill level 5 in Fighting
  3302 | D:4      | Found a broken altar of Ashenzari.
  3313 | D:4      | Noticed Blork the orc
  3326 | D:4      | Killed Blork the orc
  3439 | D:4      | Reached skill level 5 in Axes
  3439 | D:4      | Reached XP level 7. HP: 44/44 MP: 7/7
  3460 | D:4      | Noticed Natasha
  3467 | D:4      | Killed Natasha
  3502 | D:4      | Found an ornate altar of the Wu Jian Council.
  3665 | D:4      | Noticed Natasha
  3671 | D:4      | Killed Natasha
  4397 | D:6      | Found Lyustot's Jewellery Shoppe.
  4524 | D:6      | Reached * piety under the Shining One
  4540 | D:6      | Reached XP level 8. HP: 29/51 MP: 8/8
  4668 | D:6      | Reached skill level 1 in Invocations
  4801 | D:6      | Found Gagour's Weapon Emporium.
  5043 | D:6      | Found a staircase to the Ecumenical Temple.
  5177 | D:6      | Found Hyeduq's Distillery.
  5253 | D:6      | Found a sacrificial altar of Ru.
  5283 | D:6      | Found Mitibioc's Armour Boutique.
  5288 | D:6      | Bought a +0 cloak of preservation for 161 gold pieces
  5317 | D:6      | Found Pihe's Armour Emporium.
  5681 | D:7      | Noticed Prince Ribbit
  5877 | D:7      | Reached XP level 9. HP: 47/57 MP: 6/11
  5893 | D:7      | Killed Prince Ribbit
  5999 | D:7      | Found a sparkling altar of Nemelex Xobeh.
  6109 | D:7      | Noticed Dowan
  6111 | D:7      | Noticed Duvessa
  6111 | D:7      | Reached ** piety under the Shining One
  6133 | D:7      | Killed Duvessa
  6144 | D:7      | Killed Dowan
  6271 | D:7      | Found the +7 Throatcutter {drain, coup de grace}
  6271 | D:7      | Noticed a kobold demonologist
  6271 | D:7      | Noticed a kobold demonologist
  6274 | D:7      | Noticed an ice devil
  6316 | D:7      | Noticed a rust devil
  6340 | D:7      | Noticed an orange demon
  6358 | D:7      | Killed a kobold demonologist
  6361 | D:7      | Noticed a red devil
  6370 | D:7      | Killed a kobold demonologist
  6442 | D:7      | Found an iron altar of Okawaru.
  6465 | D:7      | Found an opulent altar of Gozag.
  6912 | D:8      | Noticed a two-headed ogre
  6924 | D:8      | Killed a two-headed ogre
  6925 | D:8      | Reached XP level 10. HP: 42/65 MP: 10/13
  7033 | D:8      | Reached skill level 10 in Axes
  7043 | D:8      | Reached skill level 5 in Armour
  7159 | D:8      | Found a shimmering blue altar of Sif Muna.
  7191 | D:8      | Found Hepro's Magic Scroll Shop.
  7470 | D:8      | Found a shadowy altar of Dithmenos.
  7795 | D:9      | Noticed a two-headed ogre
  7802 | D:9      | Killed a two-headed ogre
  8002 | D:9      | Noticed a boulder beetle
  8503 | D:9      | Noticed Maggie
  8505 | D:9      | Maggie changed into Maggie the boggart
  8505 | D:9      | Noticed Maggie
  8509 | D:9      | Noticed Erolcha
  8514 | D:9      | Found an ancient bone altar of Kikubaaqudgha.
  8649 | D:9      | Noticed Psyche
  8654 | D:9      | Psyche changed into Psyche the worm
  8654 | D:9      | Noticed Psyche
  8658 | D:9      | Killed Psyche the worm
  8748 | D:9      | Killed Maggie the boggart
  9056 | D:9      | Reached skill level 10 in Fighting
  9091 | D:9      | Killed a boulder beetle
  9092 | D:9      | Reached XP level 11. HP: 46/72 MP: 14/14
  9211 | D:2      | Bought a +3 broad axe of electrocution for 270 gold pieces
  9224 | D:2      | Identified a scroll of acquirement
  9224 | D:2      | Acquired a manual of Shields
  9343 | D:9      | Found Ribluklo's Assorted Antiques.
  9679 | D:10     | Entered Level 10 of the Dungeon
  9692 | D:10     | Reached *** piety under the Shining One
  9777 | D:10     | Found Setz's Assorted Antiques.
  9799 | D:10     | Noticed Gastronok
  9923 | D:10     | Killed Gastronok
 10108 | D:10     | Found a staircase to the Lair.
 10186 | D:10     | Found a staircase to the Orcish Mines.
 10410 | D:10     | Noticed Jessica
 10414 | D:10     | Killed Jessica
 10424 | D:10     | Reached skill level 5 in Invocations
 10616 | D:10     | Found a stormy altar of Qazlal.
 10837 | Lair:1   | Entered Level 1 of the Lair of Beasts
 10837 | Lair:1   | Noticed a catoblepas
 10843 | Lair:1   | Killed a catoblepas
 10844 | Lair:1   | Reached XP level 12. HP: 80/80 MP: 12/16
 10971 | Lair:1   | Found a gate leading to a gauntlet.
 10985 | Gauntlet | Entered a Gauntlet
 10985 | Gauntlet | Reached **** piety under the Shining One
 10985 | Gauntlet | Found a transporter.
 10985 | Gauntlet | Found a transporter.
 10985 | Gauntlet | Found a transporter.
 11046 | Gauntlet | Found a transporter.
 11050 | Gauntlet | Found a transporter.
 11060 | Gauntlet | Found a transporter.
 11064 | Gauntlet | Found a transporter.
 11072 | Gauntlet | Noticed a quicksilver ooze
 11076 | Gauntlet | Found a transporter.
 11096 | Gauntlet | Found a transporter.
 11101 | Gauntlet | Found a transporter.
 11106 | Gauntlet | Found a transporter.
 11112 | Gauntlet | Noticed a hell beast
 11119 | Gauntlet | Found a transporter.
 11170 | Gauntlet | Noticed a great orb of eyes
 11268 | Gauntlet | Killed a hell beast
 11406 | Gauntlet | Identified the ring "Unlill" {Slay+2 SInv}
 11439 | Gauntlet | Killed a great orb of eyes
 11579 | Gauntlet | Noticed a minotaur
 11591 | Gauntlet | Killed a minotaur
 12149 | Lair:1   | Reached XP level 13. HP: 64/87 MP: 19/19
 12821 | Lair:2   | Reached ***** piety under the Shining One
 12920 | Lair:2   | Found a staircase to the Snake Pit.
 13897 | Lair:3   | Identified the +5 dagger of Kindness {freeze, rN+ Int+2}
 14127 | Lair:3   | Reached skill level 5 in Shields
 14302 | Lair:3   | Reached skill level 15 in Axes
 14539 | Lair:3   | Found a staircase to the Shoals.
 15037 | Lair:4   | Reached skill level 1 in Throwing
 15528 | Lair:4   | Noticed Budy's ghost (journeyman KoRe)
 15534 | Lair:4   | Found a runed translucent gate.
 15534 | Lair:4   | Found a runed translucent gate.
 15534 | Lair:4   | Found a runed translucent gate.
 15856 | Lair:5   | Entered Level 5 of the Lair of Beasts
 16299 | Orc:1    | Entered Level 1 of the Orcish Mines
 16299 | Orc:1    | Noticed Snorg
 16308 | Orc:1    | Killed Snorg
 16309 | Orc:1    | Gained mutation: Your large and strong wings let you fly.
                  | [Gargoyle growth]
 16309 | Orc:1    | Reached XP level 14. HP: 94/94 MP: 17/21
 16812 | Orc:2    | Entered Level 2 of the Orcish Mines
 16826 | Orc:2    | Reached skill level 1 in Dodging
 17096 | Orc:2    | Found a staircase to the Elven Halls.
 17123 | Orc:2    | Found Otzekke's Assorted Antiques.
 17129 | Orc:2    | Bought a scroll of acquirement for 988 gold pieces
 17129 | Orc:2    | Acquired the amulet of Sidere {Regen+ Dex+5 Slay+3}
 17309 | Orc:2    | Noticed an orc warlord
 17347 | Orc:1    | Killed an orc warlord
 17668 | Orc:2    | Found Plog's Weapon Shop.
 17668 | Orc:2    | Found Kicit's Antique Weapon Shoppe.
 17668 | Orc:2    | Found Weptygor's Book Emporium.
 17671 | Orc:2    | Found Fashro Jeag's General Store.
 17675 | Orc:2    | Bought a slimy morningstar for 252 gold pieces
 17675 | Orc:2    | Identified the +4 morningstar of Midnight {venom, Int+3
                  | Dex+6} (You bought it in a shop on level 2 of the Orcish
                  | Mines)
 17902 | D:11     | Identified the +6 glaive of the Unspeakable One {heavy,
                  | Fragile rF+ rC+ Int+2}
 17923 | D:11     | Reached skill level 10 in Invocations
 17933 | D:11     | Noticed Grum
 17945 | D:11     | Killed Grum
 18036 | D:11     | Identified the +8 great mace of Nufeosen {antimagic, +Blink
                  | Dex+4}
 18249 | D:11     | Reached skill level 10 in Armour
 18442 | D:11     | Reached skill level 10 in Shields
 18795 | D:12     | Found Agaeg's Weapon Boutique.
 19679 | D:13     | Reached XP level 15. HP: 76/101 MP: 18/22
 19790 | D:13     | Reached skill level 15 in Fighting
 20228 | Lair:5   | Found a runed translucent gate.
 20229 | Lair:5   | Found a runed translucent gate.
 20231 | Lair:5   | Found a runed translucent gate.
 20233 | Lair:5   | Noticed Lakeera's ghost (journeyman MiHu)
 20855 | Lair:5   | Identified the +1 robe of Valour {Fly rN+ Regen+}
 20907 | Lair:5   | Identified the ring "Uprubol" {rElec rC+ Will+ Dex+3}
 21059 | Lair:5   | Found a viscous altar of Jiyva.
 21059 | Lair:5   | Found a staircase to the Slime Pits.
 21373 | Shoals:1 | Entered Level 1 of the Shoals
 21481 | Shoals:1 | Noticed Jorgrun
 21496 | Shoals:1 | Killed Jorgrun
 21497 | Shoals:1 | Reached skill level 5 in Throwing
 21989 | Shoals:1 | Identified the +8 flail "Heerraso" {heavy, *Rage rElec MP+9
                  | Str+8}
 22010 | Shoals:1 | Identified the +1 short sword of the Valley of Death
                  | {drain, rN+ Int+3}
 22131 | Shoals:1 | Reached XP level 16. HP: 69/110 MP: 23/23
 22150 | Shoals:1 | Shot with an arrow by a satyr

Illustrated notes

Levels and vault maps discovered:
D:1:      kennysheep_arrival_seaside, layout_basic,
          hellmonk_ecumenical_altar_blasted, minmay_tetromino_i2
D:2:      layout_basic, serial_shops, nicolae_shop_hallway_stairs
D:3:      layout_loops_corners, nicolae_overflow_crystal_walls, fedhas_altar_2,
          mainiacjoe_overflow_chevrons, uniq_pargi
D:4:      layout_cave_pools, nzn_wu_jian_council_hall, ashenzari_altar_1,
          st_stairs_13, uniq_natasha, uniq_blork_the_orc
D:5:      layout_cave_pods, regret_index_temple_of_mockery,
          nicolae_uskayaw_murder_on_the_dancefloor
D:6:      minmay_evil_eye, layout_cave_pods,
          nicolae_ru_great_annihilating_truth, minmay_temple_entry_hall,
          serial_shops, nicolae_shop_statue_plus, kennysheep_mini,
          kennysheep_mini_moat, nicolae_shop_advertising_works
          [nicolae_subvault_shop_adworks], nicolae_diamond_shop
D:7:      layout_loops_ring, mainiacjoe_overflow_paths, kennysheep_little_box,
          mainiacjoe_overflow_six_doors_small, hangedman_decor_riveting,
          dilly_guarded_unrand_throatcut, uniq_prince_ribbit1, uniq_duvessa
D:8:      layout_basic, mainiacjoe_overflow_alcove_4, lemuel_doored_altar,
          serial_shops, shop
D:9:      minmay_angry_zag, layout_basic, mainiacjoe_overflow_small_starburst,
          serial_shops, shop, serial_bayou_pond_c, uniq_psyche, uniq_maggie,
          uniq_erolcha
D:10:     erik_cavepeople, layout_rooms, mainiacjoe_overflow_tiny_flanked,
          minmay_lair_entry_grove, serial_shops, shop,
          chequers_serial_rivers_large_b, nicolae_zen_rock_garden,
          minmay_curled_crystal, uniq_gastronok
D:11:     layout_irregular_city, nzn_sisyphean_effort, uniq_grum
D:12:     layout_gridville, serial_shops, shop_fountains
D:13:     layout_stronghold
Lair:1:   layout_loops_ring, gauntlet_entry_generic, grunt_megastairs_1,
          serial_bayou_shore_b
Lair:2:   layout_small_grid, guppyfry_snake_entry_garden, lemuel_fruit_tree,
          grunt_megastairs_3
Lair:3:   layout_gridlike, elwin_shoals_entry_rocks, st_stairs_7,
          hangedman_lair_generics_rect, infiniplex_staircase_pool
Lair:4:   layout_regular_city, gammafunk_ghost_split
Lair:5:   gammafunk_lair_ancient_temple, layout_regular_city, slime_entry_1,
          gammafunk_ghost_necromancy, grunt_forest_large_clearing_hut
Shoals:1: layout_shoals, nicolae_shoals_enchanted_isle, uniq_jorgrun
Orc:1:    layout_diamond_mine, uniq_snorg
Orc:2:    st_orc_rangers, layout_caves, serial_shops, nicolae_lakefront_shop,
          minmay_orc_temple_b

Skill      XL: |  1  2  3  4  5  6  7  8  9 10 11 12 13 14 15 |
---------------+----------------------------------------------+-----
Axes           | 2 3 4 5 6 7 9 11 12 14 15 16 | 16.8
Fighting       | 4 5 6 7 8 10 11 12 13 14 16 | 16.3
Armour         | 4 6 8 10 | 10.8
Shields        | 4 6 10 11 | 11.5
Invocations    | 3 4 5 8 9 10 | 10.3
Throwing       | 2 4 6 |  6.3
Dodging        | 2 |  2.0

Action                     |  1- 3 |  4- 6 |  7- 9 | 10-12 | 13-15 | 16-18 || total
---------------------------+-------+-------+-------+-------+-------+-------++-------
  Melee: War axe           |    72 |   144 |   250 |   219 |       |       ||   685
         Broad axe         |       |       |       |   265 |   824 |    11 ||  1100
         Flail             |       |       |       |       |    34 |       ||    34
         Morningstar       |       |       |       |       |    33 |       ||    33
  Throw: Dart              |       |       |       |     1 |       |       ||     1
         Boomerang         |       |       |       |       |    26 |       ||    26
 Invoke: Divine Shield     |       |       |     4 |     6 |     5 |       ||    15
         Cleansing Flame   |       |       |       |     1 |     6 |       ||     7
         Summon Divine War |       |       |       |       |     2 |       ||     2
  Evoke: Wand              |       |       |       |     5 |     2 |       ||     7
         Tin of tremorston |       |       |       |       |     3 |       ||     3
         Phantom mirror    |       |       |       |       |     1 |       ||     1
    Use: Potion            |       |     3 |     2 |     3 |     1 |       ||     9
         Scroll            |       |    12 |     1 |    17 |     7 |       ||    37
 Armour: Scale mail        |    49 |    88 |   145 |   297 |   537 |     5 ||  1121
         Skin              |       |       |       |     2 |       |       ||     2
  Dodge: Dodged            |    33 |    95 |   122 |   180 |   297 |     2 ||   729
  Block: Buckler           |    20 |    34 |    66 |   144 |    21 |       ||   285
         Kite shield       |       |       |       |       |   530 |     3 ||   533

Table legend: (Time is in decaauts)
 A = Elapsed time spent in this place.
 B = Non-inter-level travel time spent in this place.
 C = Inter-level travel time spent in this place.
 D = Time resting spent in this place.
 E = Time spent auto-exploring this place.
 F = Levels seen in this place.
 G = Mean time per level.
                   A        B        C        D        E       F      G
               +--------+--------+--------+--------+--------+-----+--------+
         Total |  22314 |  21105 |   1209 |   1346 |  15369 |  22 | 1014.3 |
       Dungeon |  13233 |  12374 |    859 |    774 |   9187 |  13 | 1017.9 |
          Lair |   6072 |   5759 |    313 |    374 |   4332 |   5 | 1214.4 |
        Shoals |    761 |    761 |      0 |     44 |    414 |   1 |  761.0 |
  Orcish Mines |   1569 |   1533 |     36 |    154 |    946 |   2 |  784.5 |
      Gauntlet |    676 |    676 |      0 |      0 |    489 |   1 |  676.0 |
               +--------+--------+--------+--------+--------+-----+--------+

Top non-repeatable levels by time:
     D:9: 1800 daAuts
  Lair:4: 1371 daAuts
  Lair:3: 1355 daAuts
     D:6: 1342 daAuts
  Lair:5: 1275 daAuts
     D:8: 1178 daAuts
     D:5: 1151 daAuts
     D:7: 1150 daAuts
  Lair:1: 1147 daAuts
     D:3: 1076 daAuts
    D:10: 985 daAuts
  Lair:2: 923 daAuts
   Orc:2: 866 daAuts
    D:13: 820 daAuts
     D:1: 814 daAuts
